 Dungeon Crawl Stone Soup version 0.28-a0-1087-gf3fc490d9d (webtiles) character file.

Game seed: 7303624992992019285

225 bande the Covered (level 6, -3/38 HPs)
             Began as a Gargoyle Fighter on Dec 10, 2021.
             Slain by an orc (4 damage)
             ... on level 4 of the Dungeon.
             The game lasted 00:05:29 (2978 turns).

bande the Covered (Gargoyle Fighter)                Turns: 2978, Time: 00:05:29

Health: -3/38      AC: 12    Str: 17 (20) XL:     6   Next: 1%
Magic:  6/6        EV:  9    Int:  7 (8)  God:
Gold:   152        SH:  4    Dex: 10 (11) Spells: 5/5 levels left

rFire   . . .      SeeInvis .   a - +0 war axe
rCold   . . .      Faith    .   c - +0 buckler
rNeg    + . .      Spirit   .   b - +0 scale mail
rPois   ∞          Reflect  .   f - +0 helmet
rElec   +          Harm     .   (no cloak)
rCorr   .          Rampage  .   (no gloves)
Will    .....                   (no boots)
Stlth   ..........              (no amulet)
HPRegen 0.12/turn               h - ring of flight
MPRegen 0.10/turn               (no ring)

@: mighty, flying, hasted, very quick
A: sickness immunity, AC +4, negative energy resistance 1, electricity
resistance, torment resistance 1, petrification resistance
a: no special abilities


You were on level 4 of the Dungeon.
You visited 1 branch of the dungeon, and saw 4 of its levels.

You collected 152 gold pieces.

Inventory:

Hand Weapons
 a - a +0 war axe (weapon)
Missiles
 k - 5 silver boomerangs (quivered)
Armour
 b - a +0 scale mail (worn)
 c - a +0 buckler (worn)
 f - a +0 helmet (worn)
Jewellery
 h - a ring of flight (left hand)
Wands
 e - a wand of paralysis (8)
Scrolls
 j - a scroll of identify
 l - a scroll of amnesia
Potions
 d - a potion of might


   Skills:
 + Level 4.0 Fighting
 + Level 3.8 Axes
 + Level 4.1 Armour
 + Level 3.8 Shields
 * Level 1.5 Evocations


You had 5 spell levels left.
You didn't know any spells.
Your spell library contained the following spells:

 Spells                   Type           Power      Damage    Failure   Level
 Foxfire                  Conj/Fire      0%         2x1d4     83%         1
 Wereblood                Tmut           0%         N/A       92%         2
 Conjure Flame            Conj/Fire      0%         6-21      99%         3
 Inner Flame              Hex/Fire       0%         N/A       99%         3
 Stone Arrow              Conj/Erth      0%         3d7       99%         3
 Animate Armour           Summ/Erth      0%         N/A       100%        4
 Flame Wave               Conj/Fire      0%         2d4       100%        4
 Summon Hydra             Summ           0%         N/A       100%        7
 Lehudib's Crystal Spear  Conj/Erth      0%         10d2      100%        8
 Sublimation of Blood     Necr           Unusable   N/A       N/A         2

Dungeon Overview and Level Annotations

Branches:
Dungeon (4/15)
 Temple: D:4-7

Altars:
Fedhas

Shops:
D:1 =


Innate Abilities, Weirdness & Mutations

You are immune to sickness and miasma.
Your stone body is resilient. (AC +4)
You are immune to poison.
You resist negative energy. (rN+)
You are resistant to electric shocks. (rElec)
You are resistant to unholy torment.
You are immune to petrification.


Message History

The orc closely misses you. The phantom barely misses you.
You have reached level 6!
You barely miss the phantom. You closely miss the adder.
The adder bites you but does no damage. The phantom hits you.
The phantom blinks!
You blink.
You block the orc's attack.
It was a potion of degeneration.
There was something very wrong with that liquid.
You feel weakened.
You feel dopey.
You feel clumsy.
The scorpion stings you but does no damage.
The phantom hits you but does no damage.
The orc hits you but does no damage.
The adder skeleton bites you but does no damage.
It was a potion of haste.
You feel yourself speed up. The scorpion stings you.
* * * LOW HITPOINT WARNING * * *
The adder skeleton barely misses you.
The phantom hits you but does no damage.
The orc barely misses you.
Unknown command.
You feel as though your hastened speed will last longer.
The scorpion stings you but does no damage.
The adder skeleton barely misses you. The orc closely misses you.
The phantom hits you but does no damage.
You feel very mighty all of a sudden.
The scorpion stings you but does no damage.
The phantom hits you.
* * * LOW HITPOINT WARNING * * *
You block the orc's attack.
Unknown command.
You closely miss the adder.
The adder is almost dead.
You slash the phantom! You barely miss the scorpion.
The scorpion stings you but does no damage.
The adder bites you.
* * * LOW HITPOINT WARNING * * *
Unknown command.
You miss the adder.
The adder is almost dead.
You hit the scorpion. You hit the phantom. The phantom completely misses you.
The orc hits you from afar with a +0 trident.
You die...

.# .# .# ##########
#####
.####........###...##
.##......#...##.....##
.##.....##...#.......#
.#......##...†.Zo....#
......####...#osSW...#
.###### #...##.@...#
## #...###...## #...#
##### #...# +...#
#...#


You could see a phantom, a scorpion, an adder, 2 orcs and an adder skeleton.

Vanquished Creatures
  A jelly (D:4)
  A hound (D:4)
  8 adders
  2 worms (D:2)
  A dart slug (D:2)
  9 ball pythons
  9 bats
  2 endoplasms
  4 giant cockroaches
  8 goblins
  15 hobgoblins
  5 jackals
  6 kobolds
  2 quokkas
  4 frilled lizards
  8 rats
85 creatures vanquished.

Vanquished Creatures (others)
  A fungus (D:3)
1 creature vanquished.

Grand Total: 86 creatures vanquished

Notes
Turn   | Place    | Note
-------+----------+-------------------------------------------
     0 | D:1      | bande the Gargoyle Fighter began the quest for the Orb.
     0 | D:1      | Reached XP level 1. HP: 14/14 MP: 1/1
   140 | D:1      | Found Xeudexeu's One-of-a-Kind Rings.
   224 | D:1      | Reached XP level 2. HP: 18/19 MP: 2/2
   915 | D:2      | Reached XP level 3. HP: 22/23 MP: 3/3
  1537 | D:2      | Reached XP level 4. HP: 26/29 MP: 4/4
  1780 | D:2      | Found a faded altar of an unknown god.
  2179 | D:3      | Reached skill level 1 in Evocations
  2179 | D:3      | Reached XP level 5. HP: 33/33 MP: 5/5
  2264 | D:3      | Found a blossoming altar of Fedhas.
  2948 | D:4      | Noticed a phantom
  2972 | D:4      | Reached XP level 6. HP: 14/38 MP: 6/6
  2977 | D:4      | HP: 1/38 [adder (4)]
  2978 | D:4      | Slain by an orc

Illustrated notes

Levels and vault maps discovered:
D:1:      zelgadis_glass_arrival_small, layout_loops_ring,
          nicolae_shop_unique_rings
D:2:      minmay_door_path, layout_loops_ring, nicolae_ecumenical_snake_handling
D:3:      layout_loops_cross, fedhas_altar_3
D:4:      minmay_opposing_rooms, layout_loops_ring,
          nicolae_ossuary_entry_catacombs, amcnicky_mini_pool_small,
          nrook_mini_backslash

Skill      XL: |  1  2  3  4  5 |
---------------+----------------+-----
Axes           | 2 3 |  3.8
Armour         | 4 |  4.1
Evocations     | 1 |  1.5
Fighting       | 4 |  4.0
Shields        | |  3.8

Action                   |  1- 3 |  4- 6 || total
-------------------------+-------+-------++-------
Melee: War axe           |   119 |   131 ||   250
  Use: Scroll            |     4 |     4 ||     8
       Potion            |       |     4 ||     4
Armor: Scale mail        |    90 |    98 ||   188
Dodge: Dodged            |    77 |    96 ||   173
Block: Buckler           |    31 |    45 ||    76

Table legend: (Time is in decaauts)
 A = Elapsed time spent in this place.
 B = Non-inter-level travel time spent in this place.
 C = Inter-level travel time spent in this place.
 D = Time resting spent in this place.
 E = Time spent auto-exploring this place.
 F = Levels seen in this place.
 G = Mean time per level.
                   A        B        C        D        E       F      G
               +--------+--------+--------+--------+--------+-----+--------+
         Total |   3071 |   2988 |     83 |      0 |   2237 |   4 |  767.8 |
       Dungeon |   3071 |   2988 |     83 |      0 |   2237 |   4 |  767.8 |
               +--------+--------+--------+--------+--------+-----+--------+

Top non-repeatable levels by time:
     D:2: 1218 daAuts
     D:1: 934 daAuts
     D:3: 693 daAuts
     D:4: 224 daAuts
